 Dungeon Crawl Stone Soup version 0.29.1-15-g9cfb28693d (webtiles) character file.

Game seed: 12274015086749300329

9 Hugehornet the Chucker (level 2, 0/20 HPs)
             Began as a Gnoll Wanderer on Mar 19, 2023.
             Slain by a kobold
             ... wielding a +0 short sword of protection
              (2 damage)
             ... on level 1 of the Dungeon.
             The game lasted 00:01:18 (517 turns).

Hugehornet the Chucker (Gnoll Wanderer)              Turns: 517, Time: 00:01:19

Health: 0/20       AC:  3    Str: 11    XL:     2   Next: 16%
Magic:  7/7        EV: 12    Int: 11    God:
Gold:   14         SH:  0    Dex: 11    Spells: 9/10 levels left

rFire   . . .      SeeInvis .   f - +0 club
rCold   . . .      Faith    .   (no shield)
rNeg    . . .      Spirit   .   d - +0 leather armour
rPois   .          Reflect  .   (no helmet)
rElec   .          Harm     .   (no cloak)
rCorr   .          Rampage  .   (no gloves)
Will    .....                   (no boots)
Stlth   +.........              (no amulet)
HPRegen 0.06/turn               (no ring)
MPRegen 0.10/turn               (no ring)

@: no status effects
A: fangs 1, strong nose, distributed training
a: no special abilities


You were on level 1 of the Dungeon.
You visited 1 branch of the dungeon, and saw 1 of its levels.

You collected 14 gold pieces.

Inventory:

Hand Weapons
 a - a +0 dagger
 f - a +0 club (weapon)
Missiles
 b - 2 throwing nets (quivered)
 c - 14 poisoned darts
Armour
 d - a +0 leather armour (worn)
Scrolls
 e - a scroll of blinking
 g - a scroll of torment {unknown}


   Skills:
 + Level 0.3 Fighting
 + Level 0.3 Short Blades
 + Level 0.3 Long Blades
 + Level 0.3 Axes
 + Level 0.3 Maces & Flails
 + Level 0.3 Polearms
 + Level 0.3 Staves
 + Level 0.3 Ranged Weapons
 + Level 6.4 Throwing
 + Level 2.4 Armour
 + Level 4.4 Dodging
 + Level 0.3 Stealth
 + Level 0.3 Shields
 + Level 0.3 Unarmed Combat
 + Level 4.9 Spellcasting
 + Level 0.2 Conjurations
 + Level 0.2 Hexes
 + Level 0.2 Summonings
 + Level 0.2 Necromancy
 + Level 0.2 Translocations
 + Level 0.2 Transmutations
 + Level 2.0 Fire Magic
 + Level 0.2 Ice Magic
 + Level 0.2 Air Magic
 + Level 0.2 Earth Magic
 + Level 0.2 Poison Magic
 + Level 0.4 Invocations
 + Level 2.4 Evocations


You had 9 spell levels left.
You knew the following spells:

 Your Spells              Type           Power      Damage    Failure   Level
a - Foxfire               Conj/Fire      20%        2x1d5     19%         1

Your spell library contained the following spells:

 Spells                   Type           Power      Damage    Failure   Level
 Inner Flame              Hex/Fire       5%         N/A       47%         3


Dungeon Overview and Level Annotations

Branches:
Dungeon (1/15)

Altars:


Innate Abilities, Weirdness & Mutations

You have very sharp teeth.
Your uncanny sense of smell can sniff out nearby items.
Your experience applies equally to all skills.


Message History

The kobold is moderately wounded.
The kobold closely misses you. x2
You closely miss the kobold.
The kobold is moderately wounded.
The kobold hits you with a +0 short sword of protection.
* * * LOW HITPOINT WARNING * * *
You closely miss the kobold. Your bite misses the kobold.
The kobold is moderately wounded.
The kobold hits you with a +0 short sword of protection.
* * * LOW HITPOINT WARNING * * *
You hit the kobold but do no damage.
The kobold is moderately wounded.
The kobold barely misses you. x2
You completely miss the kobold.
The kobold is moderately wounded.
The kobold hits you but does no damage.
You hit the kobold but do no damage.
The kobold is moderately wounded.
The kobold barely misses you.
You hit the kobold but do no damage.
The kobold is moderately wounded.
The kobold hits you with a +0 short sword of protection.
* * * LOW HITPOINT WARNING * * *
You hit the kobold but do no damage.
The kobold is moderately wounded.
The kobold barely misses you. The kobold closely misses you.
You hit the kobold but do no damage.
The kobold is moderately wounded.
The kobold hits you with a +0 short sword of protection.
* * * LOW HITPOINT WARNING * * *
You aren't carrying any potions.
Unknown command.
Unknown command.
Throw: 3 throwing nets
Press: ? - help, Q - select action, (/) - cycle Shift-Dir - straight line, f - kobold
Aim: a kobold, wielding a +0 short sword of protection (moderately wounded, 51% to hit)
You throw a throwing net.
The throwing net closely misses the kobold.
The kobold hits you with a +0 short sword of protection.
You die...

#....##.# #..##.#...# ##
.##..#.##...# ..
...##....##.# #.
##..#.##..#.# ##.
.##.#..##.#..#
..##....##....##.# # ##
#..##.#..##.#...#
#..#.##@.#.##..#.##...#
. #...K##....##....##.#
#..#.##..#.##..#.##..#.#
#..##.#..##.#..# .#..#
#....##....##....# .#
#.?##.#..##.#..##.# # #
#.# ..#.##..# # #..
.##.. ## #.##. .##


You could see a kobold.

Vanquished Creatures
  A dart slug (D:1)
  2 bats (D:1)
  An endoplasm (D:1)
  A giant cockroach (D:1)
  A goblin (D:1)
6 creatures vanquished.

Notes
Turn   | Place    | Note
-------+----------+-------------------------------------------
     0 | D:1      | Hugehornet the Gnoll Wanderer began the quest for the Orb.
     0 | D:1      | Hugehornet set off with the following items: a +0 dagger, 3
                  | throwing nets, 14 poisoned darts, a +0 leather armour, a
                  | scroll of blinking; and the following spell memorised:
                  | Foxfire; and the following spells available to memorise:
                  | Inner Flame.
     0 | D:1      | Reached XP level 1. HP: 13/13 MP: 6/6
     1 | D:1      | Noticed an electric eel
   446 | D:1      | Reached XP level 2. HP: 18/19 MP: 7/7
   517 | D:1      | Slain by a kobold

Illustrated notes

Levels and vault maps discovered:
D:1:      arrival_aquarium_a, layout_loops_ring, shapermc_ecumenical_altar_gd,
          nicolae_eternal_life, minmay_misc_feat_room,
          minmay_misc_feat_four_crosses, chequers_serial_rivers_micro_a

Skill      XL: |  1 |
---------------+----+-----
Fire Magic     | 2 |  2.0
Fighting       | |  0.3
Short Blades   | |  0.3
Long Blades    | |  0.3
Axes           | |  0.3
Maces & Flails | |  0.3
Polearms       | |  0.3
Staves         | |  0.3
Ranged Weapons | |  0.3
Throwing       | |  6.4
Armour         | |  2.4
Dodging        | |  4.4
Stealth        | |  0.3
Shields        | |  0.3
Unarmed Combat | |  0.3
Spellcasting   | |  4.9
Conjurations   | |  0.2
Hexes          | |  0.2
Summonings     | |  0.2
Necromancy     | |  0.2
Translocations | |  0.2
Transmutations | |  0.2
Ice Magic      | |  0.2
Air Magic      | |  0.2
Earth Magic    | |  0.2
Poison Magic   | |  0.2
Invocations    | |  0.4
Evocations     | |  2.4

Action                   || total
-------------------------++-------
Melee: Club              ||    38
       Dagger            ||     8
       Bite              ||     3
       Punch             ||     2
Throw: Throwing net      ||     1
Armor: Leather armour    ||    17
Dodge: Dodged            ||    32
